 Dungeon Crawl Stone Soup version 0.32-a0-699-g1ee5eff69a (webtiles) character file.

Game seed: 6875266701413992582

140 BeKind the Chiller (level 5, -10/31 HPs)
             Began as an Octopode Ice Elementalist on Mar 13, 2024.
             Mangled by a gnoll sergeant
             ... wielding a +0 spear
              (12 damage)
             ... on level 4 of the Dungeon.
             The game lasted 00:04:03 (2231 turns).

BeKind the Chiller (Octopode Ice Elementalist)      Turns: 2231, Time: 00:04:04

Health: -10/31     AC:  1    Str:  8    XL:     5   Next: 22%
Magic:  4/9        EV: 12    Int: 19    God:
Gold:   87         SH:  4    Dex: 12    Spells: 5/9 levels left

rFire   . . .        j - +2 dagger (pain)
rCold   . . .        b - +0 buckler
rNeg    . . .        (helmet restricted)
rPois   .            (no amulet)
rElec   .            (no ring)
rCorr   .            (no ring)
SInv    .            (no ring)
Will    .....        (no ring)
Stlth   +++          (no ring)
HPRegen 0.25/turn    (no ring)
MPRegen 0.11/turn    (no ring)
                     (no ring)

%: no passive effects
@: freezing walls
A: almost no armour, amphibious, 8 rings, camouflage 1, gelatinous body 1,
(nimble swimmer 1), tentacles
a: no special abilities


You were on level 4 of the Dungeon.
You visited 1 branch of the dungeon, and saw 4 of its levels.

You collected 87 gold pieces.

Inventory:

Hand Weapons
 c - a +0 short sword
 j - a +2 dagger of pain (weapon)
Armour
 b - a +0 buckler (worn)
Wands
 n - a wand of warping (7)
Scrolls
 d - a scroll of fog {unknown}
 e - a scroll of butterflies {unknown}
 g - a scroll of teleportation {unknown}
 h - 5 scrolls of identify {unknown}
 i - 2 scrolls of amnesia {unknown}
 k - a scroll of silence {unknown}
Potions
 a - a potion of magic
 f - a potion of enlightenment {unknown}
 l - a potion of heal wounds {unknown}
 m - a potion of invisibility {unknown}


   Skills:
 + Level 0.5 Short Blades
 + Level 2.9 Dodging
 - Level 2.6 Stealth
 * Level 2.5 Shields
 + Level 2.7 Spellcasting
 + Level 4.5 Ice Magic


You had 5 spell levels left.
You knew the following spells:

 Your Spells              Type           Power      Damage    Failure   Level
a - Freeze                Ice            80%        1d9       3%          1
b - Frozen Ramparts       Ice            40%        1d7       11%         3

Your spell library contained the following spells:

 Spells                   Type           Power      Damage    Failure   Level
 Ozocubu's Armour         Ice            20%        N/A       11%         3
 Shock                    Conj/Air       8%         1d3       24%         1
 Summon Ice Beast         Ice/Summ       11%        N/A       28%         3
 Swiftness                Air            2%         N/A       58%         3
 Airstrike                Air            1%         2d(1-17)  94%         4


Dungeon Overview and Level Annotations

Branches:
Dungeon (4/15)
 Temple: D:4-7

Altars:
Cheibriados
Dithmenos

Shops:
D:2 =


Innate Abilities, Weirdness & Mutations

You cannot wear most types of armour.
You are amphibious.
You can wear up to eight rings at the same time.
Your skin changes colour to match your surroundings (Stealth+).
Your rubbery body absorbs attacks. (AC +1, EV +1)
((You are camouflaged when in or above water. (Stealth+)))
You have tentacles for arms and can constrict up to eight enemies at once.


Message History

The wall freezes the gnoll.
The gnoll hits you with a +0 whip!
You hit the gnoll. You grab the gnoll. You squeeze the gnoll.
The gnoll is heavily wounded.
You constrict the gnoll.
The wall freezes the gnoll sergeant but does no damage.
The gnoll sergeant closely misses you.
The wall freezes the gnoll.
The gnoll barely misses you.
You hit the gnoll. You squeeze the gnoll.
You kill the gnoll!
The wall freezes the gnoll sergeant.
The gnoll sergeant hits you from afar with a +0 spear.
The wall freezes the gnoll.
You are too injured to fight recklessly!
Unknown command.
You are too injured to fight recklessly!
Casting: Frozen Ramparts (quite dangerous; 11% risk of failure)
Confirm with . or Enter, or press ? or * to list all spells.
You don't know that spell.
You are too injured to fight recklessly!
Casting: Frozen Ramparts (quite dangerous; 11% risk of failure)
Confirm with . or Enter, or press ? or * to list all spells.
Aiming: Freeze (safe; 3% risk of failure)
Press: ? - help, Shift-Dir - straight line, f - gnoll
Aim: a gnoll, wielding a +0 spear You freeze the gnoll!
The gnoll is severely wounded.
The wall freezes the gnoll sergeant.
The gnoll sergeant hits you from afar with a +0 spear!
* * * LOW HITPOINT WARNING * * *
The wall freezes the gnoll.
You block the gnoll's attack.
Casting: Freeze (safe; 3% risk of failure)
Confirm with . or Enter, or press ? or * to list all spells.
Aiming: Freeze (safe; 3% risk of failure)
Press: ? - help, Shift-Dir - straight line, f/p - gnoll
Aim: a gnoll, wielding a +0 spear (severely wounded)
You freeze the gnoll.
You kill the gnoll!
The wall freezes the gnoll sergeant but does no damage.
The gnoll sergeant hits you from afar with a +0 spear!
You die...

. .. ... ....
.....#######♣♣ ♣♣♣ .
......wg..##.♣♣♣.#######..
#..<..)#@##..............
#.....#)§.#....)...†.....
#....#.#§#.#..#..........
#....?§._.§..#....#####..
#....#.#.#§#.#.#..#
#.....#.§.##......# #.##
###.#.#......# #.
#....<...#### ....##.#...#


You could see a gnoll sergeant and a dart slug.

Vanquished Creatures
  Terence (D:2)
  2 gnolls (D:4)
  2 adders
  4 dart slugs
  2 ribbon worms
  6 orcs
  3 ball pythons
  8 endoplasms
  3 giant cockroaches
  4 goblins
  6 hobgoblins
  8 kobolds
  2 quokkas (D:1)
  10 bats
  2 frilled lizards (D:1)
  4 rats
67 creatures vanquished.

Notes
Turn   | Place    | Note
-------+----------+-------------------------------------------
     0 | D:1      | BeKind the Octopode Ice Elementalist began the quest for
                  | the Orb.
     0 | D:1      | Reached XP level 1. HP: 11/11 MP: 3/3
    91 | D:1      | Reached XP level 2. HP: 17/17 MP: 3/5
   309 | D:1      | Reached XP level 3. HP: 21/21 MP: 4/6
   433 | D:1      | Reached skill level 1 in Shields
   461 | D:1      | Learned a level 3 spell: Frozen Ramparts
   927 | D:2      | Found Efepnil's Jewellery Boutique.
  1087 | D:2      | Noticed Terence
  1093 | D:2      | Killed Terence
  1094 | D:2      | Reached XP level 4. HP: 21/27 MP: 3/7
  1624 | D:3      | Found a snail-covered altar of Cheibriados.
  1740 | D:3      | Reached XP level 5. HP: 13/31 MP: 0/9
  2163 | D:4      | Found a shadowy altar of Dithmenos.
  2231 | D:4      | Mangled by a gnoll sergeant

Illustrated notes

Levels and vault maps discovered:
D:1:      matt_arrival_debris, layout_basic, st_stairs_8
D:2:      layout_basic, serial_shops, shop, uniq_terence
D:3:      layout_rooms, mainiacjoe_overflow_concentric_impassable
D:4:      layout_loops_cross, grunt_dithmenos_smoke_and_mirrors, serial_forest,
          infiniplex_forest_corner_2, infiniplex_forest_end_3,
          infiniplex_forest_straight_4, infiniplex_forest_lined_room_,
          infiniplex_forest_end_3, infiniplex_forest_end_3,
          infiniplex_forest_end_2, serial_shops, shop, uniq_natasha

Skill      XL: |  1  2  3  4 |
---------------+-------------+-----
Shields        | 1 2 |  2.5
Short Blades   | |  0.5
Dodging        | |  2.9
Stealth        | |  2.6
Spellcasting   | |  2.7
Ice Magic      | |  4.5

Action                     |  1- 3 |  4- 6 || total
---------------------------+-------+-------++-------
  Melee: Unarmed           |    19 |       ||    19
         Constrict         |    13 |    15 ||    28
         Tentacles         |    12 |    11 ||    23
         Short sword       |    24 |    14 ||    38
         Dagger            |       |    25 ||    25
   Cast: Freeze            |    22 |    11 ||    33
         Frozen Ramparts   |       |     2 ||     2
   Stab: Sleeping          |     5 |     6 ||    11
 Armour: Skin              |    23 |    26 ||    49
  Dodge: Dodged            |    42 |    22 ||    64
  Block: Buckler           |    15 |     6 ||    21

Table legend: (Time is in decaauts)
 A = Elapsed time spent in this place.
 B = Non-inter-level travel time spent in this place.
 C = Inter-level travel time spent in this place.
 D = Time resting spent in this place.
 E = Time spent auto-exploring this place.
 F = Levels seen in this place.
 G = Mean time per level.
                   A        B        C        D        E       F      G
               +--------+--------+--------+--------+--------+-----+--------+
         Total |   2235 |   2132 |    103 |      0 |   1728 |   4 |  558.8 |
       Dungeon |   2235 |   2132 |    103 |      0 |   1728 |   4 |  558.8 |
               +--------+--------+--------+--------+--------+-----+--------+

Top non-repeatable levels by time:
     D:1: 883 daAuts
     D:2: 744 daAuts
     D:3: 540 daAuts
     D:4: 68 daAuts
